AoeStats
← Invatsatrag

Black Forest

503865418Analyzed
4v4 RM · 28d ago on Sep 2, 2026· 51m 15s· 8 players
Game mode
Random Map
Map size
Large (8 player)
Population
200
Speed
Normal
Resources
Standard
Victory
Conquest
Starting age
Dark Age
Ending age
Imperial Age
RankedLock teamsTeams togetherTeam positionsShared explorationLock speedFull tech treeHidden civsTurbo modeCheats
Victory
Defeat
🇩🇪 Persians · Germany
996
+15
🇩🇪 Bengalis · Germany
974
+16
🇩🇪 Bohemians · Germany
970
+16
🇩🇪 Franks · Germany
942
+17
🇷🇴 Turks · Romania
1044
-58
🇷🇴 Persians · Romania
1020
-50
🇷🇴 Japanese · Romania
915
-13
🇷🇴 Bohemians · Romania
892
-12
Tom_Beron
0:56 Loom
15:02 Feudal Age
15:03 Man-at-Arms
15:36 Double-Bit Axe
17:53 Horse Collar
18:44 Scale Mail Armor
21:53 Forging
28:23 Castle Age
28:25 Pikeman
29:22 Chain Mail Armor
31:26 Fletching
34:42 Bodkin Arrow
35:40 Padded Archer Armor
Akkupack
14:13 Feudal Age
14:53 Horse Collar
15:00 Double-Bit Axe
21:43 Castle Age
23:17 Forging
23:36 Bow Saw
23:28 Heavy Plow
28:20 Stone Mining
28:21 Gold Mining
28:57 Bloodlines
28:49 Husbandry
31:53 Caravan
33:24 Gold Shaft Mining
37:16 Imperial Age
37:07 Iron Casting
36:43 Scale Barding Armor
37:00 Squires
38:44 Artillery
40:09 Two-Man Saw
43:30 Elite Janissary
46:50 Ballistics
Invatsatrag
14:18 Feudal Age
14:12 Loom
15:22 Double-Bit Axe
23:38 Castle Age
21:38 Horse Collar
25:17 Bow Saw
25:20 Heavy Plow
33:45 Murder Holes
35:23 Wheelbarrow
36:43 Gold Mining
39:54 Pikeman
Siles the 3rd
5:48 Loom
13:19 Feudal Age
13:58 Double-Bit Axe
14:00 Horse Collar
20:04 Castle Age
21:58 Pikeman
33:09 Bow Saw
35:52 Wheelbarrow
36:36 Ballistics
36:11 Arson
36:26 Squires
37:11 Scale Mail Armor
37:22 Forging
37:05 Fletching
37:07 Elite Skirmisher
40:00 Chemistry
39:16 Fortified Wall
44:30 Treadmill Crane
mr.hahn
10:56 Feudal Age
14:55 Castle Age
12:45 Horse Collar
13:20 Double-Bit Axe
15:56 Bow Saw
16:08 Heavy Plow
22:19 Scale Barding Armor
23:33 Forging
23:29 Gold Mining
24:57 Chain Barding Armor
26:15 Gold Shaft Mining
26:29 Iron Casting
26:14 Bloodlines
27:33 Wheelbarrow
26:44 Loom
30:52 Husbandry
33:41 Imperial Age
31:30 Hand Cart
31:12 Stone Mining
34:33 Crop Rotation
35:08 Two-Man Saw
34:46 Plate Barding Armor
35:12 Blast Furnace
33:35 Cavalier
37:03 Chemistry
36:06 Savar
Mr. Dark Knight
1:06 Loom
15:47 Feudal Age
16:55 Double-Bit Axe
22:03 Castle Age
22:49 Husbandry
23:25 Scale Barding Armor
25:03 Chain Barding Armor
32:27 Bow Saw
34:11 Forging
35:45 Iron Casting
38:45 Imperial Age
36:52 Wheelbarrow
39:19 Cavalier
42:16 Plate Barding Armor
42:42 Blast Furnace
42:33 Ballistics
43:23 Chemistry
43:40 Paladin
MR. PLATIN
0:28 Loom
25:18 Feudal Age
31:04 Fletching
31:15 Padded Archer Armor
34:07 Castle Age
33:16 Double-Bit Axe
37:12 Wheelbarrow
39:36 Elite Skirmisher
43:37 Bodkin Arrow
51:39 Bow Saw
51:51 Leather Archer Armor
Age of Mr. Futzie II
1:42 Loom
12:01 Feudal Age
17:30 Castle Age
15:57 Double-Bit Axe
15:56 Horse Collar
20:13 Bow Saw
24:51 Fletching
29:27 Heavy Plow
31:35 Wheelbarrow
33:15 Hand Cart
33:04 Fishing Lines
33:46 Gold Mining
34:49 Gillnets
35:42 Gold Shaft Mining
37:41 Imperial Age
35:23 Bodkin Arrow
35:29 Padded Archer Armor
37:17 Ballistics
37:18 Leather Archer Armor
37:55 Bloodlines
37:46 Husbandry
37:56 Paiks
37:57 Town Watch
37:59 Elite Elephant Archer
38:49 Bracer
39:19 Ring Archer Armor
39:04 Siege Elephant
41:25 Chemistry
51:36 Conscription
Connection lost

Rejoining the realm…

Still unreachable

The connection could not be restored.

Session expired

The server has moved on; the page needs a fresh start.